 Dungeon Crawl Stone Soup version 0.29.0-10-g45618ea6d2 (webtiles) character file.

Game seed: 7524121987796604773

5093 robertstho the Thaumaturge (level 10, -1/70 HPs)
             Began as a Djinni Fire Elementalist on Sept 1, 2022.
             Slain by a two-headed ogre
             ... wielding a +0 giant spiked club
             ... summoned by a vampire
              (7 damage)
             ... on level 9 of the Dungeon.
             The game lasted 00:12:39 (11510 turns).

robertstho the Thaumaturge (DjFE)                  Turns: 11510, Time: 00:12:40

Health: -1/70      AC:  2    Str:  7    XL:     10   Next: 87%
Gold:   307        EV: 13    Int: 22    God:
                   SH:  0    Dex: 13

rFire   + + .      SeeInvis .   g - +2 short sword (speed)
rCold   x . .      Faith    .   (no shield)
rNeg    + . .      Spirit   .   a - +0 robe
rPois   ∞          Reflect  .   (no helmet)
rElec   .          Harm     .   (no cloak)
rCorr   +          Rampage  .   (no gloves)
Will    +....                   (boots unavailable)
Stlth   +.........              (no amulet)
HPRegen 0.21/turn               f - ring of resist corrosion
MPRegen 0.00/turn               l - ring of positive energy

@: confused, flying
A: sickness immunity, fire resistance 2, cold vulnerability 1, float, innate
caster, HP casting, extra vitality 1
a: no special abilities


You were on level 9 of the Dungeon.
You visited 1 branch of the dungeon, and saw 9 of its levels.

You collected 771 gold pieces.
You spent 464 gold pieces at shops.

Inventory:

Hand Weapons
 g - a +2 short sword of speed (weapon)
 m - a +1 falchion
Missiles
 o - 2 throwing nets
Armour
 a - a +0 robe (worn)
Jewellery
 f - a ring of resist corrosion (left hand)
 l - a ring of positive energy (right hand)
 x - a ring of positive energy
Wands
 y - a wand of paralysis (5)
Scrolls
 b - 4 scrolls of enchant weapon
 c - 3 scrolls of poison
 e - 2 scrolls of identify
 i - 2 scrolls of immolation
 n - a scroll of magic mapping
 q - 4 scrolls of enchant armour
 r - 2 scrolls of fear
 s - 3 scrolls of teleportation
 t - 2 scrolls of vulnerability
 u - a scroll of butterflies
Potions
 d - 5 potions of curing
 h - 2 potions of brilliance {unknown}
 j - 4 potions of might {unknown}
 k - a potion of invisibility {unknown}
 p - 2 potions of heal wounds
 v - a potion of attraction {unknown}
 w - 2 potions of cancellation
 z - a potion of haste {unknown}


   Skills:
 * Level 5.1 Fighting
 + Level 1.4 Long Blades
 + Level 3.7 Dodging
 + Level 3.3 Stealth
 * Level 10.7 Spellcasting


You had 8 spell levels left.
You knew the following spells:

 Your Spells              Type           Power      Damage    Failure   Level
a - Foxfire               Conj/Fire      100%       2x1d9     1%          1
b - Scorch                Fire           100%       2d10      1%          2
c - Conjure Flame         Conj/Fire      56%        6-21      1%          3
d - Inner Flame           Hex/Fire       56%        N/A       1%          3
e - Flame Wave            Conj/Fire      56%        2d13      1%          4
f - Magic Dart            Conj           100%       1d8       1%          1
g - Wereblood             Tmut           56%        N/A       1%          2
h - Summon Guardian Gole  Hex/Summ       56%        N/A       1%          3
i - Frozen Ramparts       Ice            100%       1d16      1%          3
Your spell library was empty.

Dungeon Overview and Level Annotations

Branches:
Dungeon (9/15)             Temple (0/1) D:4
   Lair: D:8-11         Orc: D:9-12

Altars:
Ashenzari
Cheibriados
Dithmenos
Okawaru
Uskayaw
Yredelemnul

Shops:
D:4 ?=**(   D:7 ?


Innate Abilities, Weirdness & Mutations

You are immune to sickness and miasma.
You are immune to poison.
Your flesh is very heat resistant. (rF++)
You are vulnerable to cold. (rC-)
You float through the air rather than walking.
You learn spells naturally, not from books.
Your magical power is your life essence.
You have superior vitality. (+4 MHP)


Message History

The wyvern is almost dead. (Press . to intensify the flame waves.)
The wyvern misses you.
The vampire throws a stone.
The stone closely misses you.
Unknown command.
Unknown command.
A wave of flame ripples out!
The flame wave engulfs the wyvern!
You kill the wyvern!
The flame wave engulfs the two-headed ogre.
The two-headed ogre is lightly wounded.
The flame wave engulfs the vampire!
The vampire is heavily damaged.
The flame wave engulfs the centaur warrior!
The centaur warrior is lightly wounded.
You hear an angry hiss.
The two-headed ogre barely misses you.
The two-headed ogre hits you with a +0 giant club!
The centaur warrior wields a +0 shortbow.
The centaur warrior shoots an arrow.
The arrow hits you!
* * * LOW HITPOINT WARNING * * *
Unknown command.
A wave of flame ripples out!
The flame wave engulfs the vampire!
The vampire is severely damaged.
The flame wave engulfs the two-headed ogre!!
The two-headed ogre is heavily wounded.
The flame wave engulfs the centaur warrior.
The centaur warrior is lightly wounded.
The flame wave engulfs the orc but does no damage.
The flame wave engulfs the orc warrior!
The orc warrior is moderately wounded.
The flame wave engulfs the steam dragon!
The steam dragon is moderately wounded.
* * * LOW HITPOINT WARNING * * *
You finish channelling waves of flame.
The centaur warrior shoots an arrow.
The arrow barely misses you.
The vampire gestures at you while chanting.
You are confused.
The two-headed ogre misses you.
The two-headed ogre hits you with a +0 giant club!
You die...

#.............
#............. ?
#........?....
.##.............
................
#...D.........
#..co.........
#..VoO........
#...@##########
#.............#
#.............##
#...............#
#...#.........#.#
#....##....####.#
##.#..#....# #.#
#..#......####.#
##.###......##.#


You could see a centaur warrior (summoned), a two-headed ogre (summoned), a
vampire, a steam dragon (summoned), an orc warrior (summoned) and an orc
(summoned).

Vanquished Creatures
  A two-headed ogre (D:9)
  A troll (D:9)
  A wyvern (D:9)
  Menkaure (D:6)
  An acid dragon (D:8)
  3 water moccasins
  An ice beast (D:8)
  2 sky beasts
  2 centaurs
  4 kobold brigands
  4 phantoms
  A bullfrog (D:7)
  A necrophage (D:6)
  10 wights
  19 killer bees
  2 howler monkeys (D:8)
  4 jellies
  5 hounds
  3 orc priests
  4 gnoll boudas
  Terence (D:2)
  5 iguanas
  2 orc wizards
  Natasha (thrice) (D:3)
  18 gnolls
  3 adders
  A shadow imp (D:7)
  2 white imps (D:7)
  An ufetubus (D:7)
  A dart slug (D:3)
  7 orcs
  6 bats
  3 endoplasms
  12 giant cockroaches
  3 hobgoblins (D:4)
  3 quokkas
  8 ball pythons
  3 frilled lizards
  7 goblins
  25 kobolds
  A rat (D:1)
185 creatures vanquished.

Vanquished Creatures (others)
  577 foxfires
577 creatures vanquished.

Grand Total: 762 creatures vanquished

Notes
Turn   | Place    | Note
-------+----------+-------------------------------------------
     0 | D:1      | robertstho the Djinni Fire Elementalist began the quest for
                  | the Orb.
     0 | D:1      | robertstho set off with the following spells memorised:
                  | Foxfire, Scorch, Conjure Flame, Inner Flame, Flame Wave.
     0 | D:1      | Reached XP level 1. HP: 15/15 MP: 0/0
   207 | D:1      | Reached XP level 2. HP: 17/21 MP: 0/0
   685 | D:1      | Reached skill level 3 in Spellcasting
   689 | D:1      | Reached XP level 3. HP: 21/25 MP: 0/0
   689 | D:1      | Learned a level 1 spell: Magic Dart
   872 | D:1      | Found a faded altar of an unknown god.
  1823 | D:2      | Noticed Terence
  1829 | D:2      | Killed Terence
  1830 | D:2      | Reached skill level 1 in Fighting
  1830 | D:2      | Reached XP level 4. HP: 24/32 MP: 0/0
  2762 | D:3      | Noticed Natasha
  2770 | D:3      | Killed Natasha
  2771 | D:3      | Reached skill level 4 in Spellcasting
  2771 | D:3      | Reached XP level 5. HP: 17/37 MP: 0/0
  2771 | D:3      | Learned a level 2 spell: Wereblood
  2985 | D:3      | Reached XP level 6. HP: 7/42 MP: 0/0
  3359 | D:3      | Noticed Natasha
  3367 | D:3      | Killed Natasha
  3684 | D:3      | Noticed Natasha
  3689 | D:3      | Killed Natasha
  3769 | D:4      | Found Fetwym's Jewellery Shoppe.
  3769 | D:4      | Found Ifukh's Magic Scroll Shoppe.
  3792 | D:4      | Bought a scroll of enchant armour for 97 gold pieces
  3792 | D:4      | Bought a scroll of vulnerability for 52 gold pieces
  3844 | D:4      | Found Ighosen's Assorted Antiques.
  3855 | D:4      | Reached skill level 5 in Spellcasting
  3906 | D:4      | Reached XP level 7. HP: 44/48 MP: 0/0
  3906 | D:4      | Learned a level 3 spell: Summon Guardian Golem
  3932 | D:4      | Found a hide-covered altar of Uskayaw.
  3938 | D:4      | Found Hopn's Assorted Antiques.
  3987 | D:4      | Found Omunyis's Antique Weapon Boutique.
  4312 | D:4      | Identified a scroll of acquirement
  4312 | D:4      | Acquired 369 gold pieces
  4315 | D:4      | Found a large runed translucent door.
  4544 | D:4      | Found a staircase to the Ecumenical Temple.
  4668 | D:4      | Found an iron altar of Okawaru.
  4922 | D:4      | Found a large runed translucent door.
  5231 | D:4      | Found a snail-covered altar of Cheibriados.
  5245 | D:4      | Found a basalt altar of Yredelemnul.
  5283 | D:5      | Entered Level 5 of the Dungeon
  5456 | D:5      | Reached skill level 6 in Spellcasting
  5683 | D:5      | Reached XP level 8. HP: 35/55 MP: 0/0
  5685 | D:5      | Reached skill level 1 in Long Blades
  6238 | D:5      | Found a broken altar of Ashenzari.
  6242 | D:5      | Saw a vision of the Shoals and the Spider Nest.
  6242 | D:5      | Noticed a merfolk
  6242 | D:5      | Noticed a merfolk
  6242 | D:5      | Noticed a manticore
  6242 | D:5      | Noticed a merfolk
  6242 | D:5      | Noticed a wind drake
  6242 | D:5      | Noticed a water elemental
  6242 | D:5      | Noticed a wind drake
  6242 | D:5      | Noticed a merfolk avatar
  6242 | D:5      | Noticed a harpy
  6242 | D:5      | Noticed a culicivora
  6242 | D:5      | Noticed a tarantella
  6242 | D:5      | Noticed an entropy weaver
  6242 | D:5      | Noticed a jumping spider
  6242 | D:5      | Noticed a demonic crawler
  6242 | D:5      | Noticed an orb spider
  6242 | D:5      | Noticed a pharaoh ant
  6242 | D:5      | Noticed a pharaoh ant
  6242 | D:5      | Noticed a culicivora
  6242 | D:5      | Noticed a culicivora
  6242 | D:5      | Noticed a steelbarb worm
  6243 | D:5      | Noticed a moth of wrath
  6243 | D:5      | Noticed a merfolk
  6245 | D:5      | Noticed a jumping spider
  6245 | D:5      | Noticed a demonic crawler
  6537 | D:6      | Found a shadowy altar of Dithmenos.
  6719 | D:6      | Noticed Menkaure
  6721 | D:6      | Killed Menkaure
  6722 | D:6      | Reached skill level 7 in Spellcasting
  6905 | D:6      | Reached XP level 9. HP: 36/61 MP: 0/0
  6905 | D:6      | Learned a level 3 spell: Frozen Ramparts
  7402 | D:6      | Reached skill level 8 in Spellcasting
  8542 | D:7      | Found Hiphoc's Magic Scroll Shop.
  8548 | D:7      | Bought a scroll of teleportation for 42 gold pieces
  8548 | D:7      | Bought a scroll of identify for 28 gold pieces
  8548 | D:7      | Bought a scroll of fear for 56 gold pieces
  8548 | D:7      | Bought a scroll of torment for 133 gold pieces
  8548 | D:7      | Bought a scroll of immolation for 56 gold pieces
  9129 | D:7      | Reached skill level 9 in Spellcasting
  9821 | D:8      | Reached XP level 10. HP: 63/68 MP: 0/0
 10854 | D:9      | Reached skill level 10 in Spellcasting
 11399 | D:9      | Noticed a two-headed ogre
 11406 | D:9      | Killed a two-headed ogre
 11407 | D:9      | Reached skill level 5 in Fighting
 11504 | D:9      | Noticed a centaur warrior
 11504 | D:9      | Noticed a two-headed ogre
 11510 | D:9      | Slain by a two-headed ogre

Illustrated notes

Levels and vault maps discovered:
D:1:      amcnicky_arrival_flooded_fountain, layout_basic,
          hellmonk_ecumenical_altar_heavens_door, minmay_misc_feat_tiny,
          st_stairs_6, minmay_tree_intersection, item_on_display_a
D:2:      minmay_roachtagon, layout_basic, uniq_terence
D:3:      layout_basic, uniq_natasha
D:4:      layout_layer_cave, mainiacjoe_overflow_alcove_2,
          mainiacjoe_overflow_catwalk, jmf_multi_god_temple2,
          minmay_temple_entry_antechambers, enter_ossuary_2, serial_shops,
          nicolae_stop_n_shop_2, nicolae_stop_n_shop_2,
          nicolae_shop_hallway_plus, nicolae_shop_trees,
          nicolae_shop_competitors_out_of_business, wad_rectangle_vault
D:5:      layout_loops_ring, grunt_ashenzari_visionary
          [grunt_ashenzari_visionary_shoals, grunt_ashenzari_visionary_spider]
D:6:      layout_basic, nicolae_overflow_crystal_walls, uniq_menkaure
D:7:      layout_layer_cave, serial_shops, nicolae_shop_stone,
          minmay_manual_macuahuitl
D:8:      layout_rooms, nicolae_vehumet_radiance
D:9:      hangedman_screamer, layout_basic, kiku_gazebo_pond_becter,
          lair_entry_dummy, lemuel_flamethrower_1

Skill      XL: |  1  2  3  4  5  6  7  8  9 10 |
---------------+-------------------------------+-----
Spellcasting   | 3 4 5 6 7 9 10 | 10.7
Fighting       | 1 2 3 4 5 |  5.1
Stealth        | 2 3 |  3.3
Long Blades    | 1 |  1.4
Dodging        | 3 |  3.7

Action                   |  1- 3 |  4- 6 |  7- 9 | 10-12 || total
-------------------------+-------+-------+-------+-------++-------
Melee: Falchion          |       |     4 |    19 |       ||    23
 Cast: Foxfire           |    71 |    61 |   101 |   101 ||   334
       Scorch            |     8 |    25 |    83 |     6 ||   122
       Conjure Flame     |       |     1 |     1 |       ||     2
       Flame Wave        |       |       |     7 |     5 ||    12
       Frozen Ramparts   |       |       |     1 |       ||     1
  Use: Scroll            |       |     5 |     8 |       ||    13
       Potion            |       |       |       |     1 ||     1
 Stab: Sleeping          |       |       |     1 |       ||     1
Armor: Robe              |    11 |       |     9 |     1 ||    21
Dodge: Dodged            |    15 |     4 |    39 |    25 ||    83
